 Dungeon Crawl Stone Soup version 0.18-a0-1514-g6ed9364 (webtiles) character file.

89 Duffy the Twirler (level 4, -11/26 HPs)
             Began as a Tengu Gladiator on Mar 6, 2016.
             Mangled by an ogre
             ... wielding a +0 giant spiked club
              (21 damage)
             ... on level 4 of the Dungeon.
             The game lasted 00:01:35 (2369 turns).

Duffy the Twirler (Tengu Gladiator)                 Turns: 2369, Time: 00:01:36

Health: -11/26     AC:  5    Str: 16    XL:     4   Next: 55%
Magic:  5/5        EV: 12    Int:  8    God:
Gold:   160        SH:  0    Dex: 15    Spells: 0 memorised, 3 levels left

rFire  . . .     SeeInvis .     a - +0 quarterstaff
rCold  . . .     Gourm    .     B - +0 ring mail
rNeg   . . .     Faith    .     (shield currently unavailable)
rPois  .         Spirit   .     c - +0 hat
rElec  .         Dismiss  .     (no cloak)
rCorr  .         Reflect  .     (no gloves)
SustAt .         Harm     .     (boots unavailable)
MR     .....                    (no amulet)
Stlth  +.........               (no ring)
                                i - ring of wizardry

@: not resistant to hostile enchantments, very unstealthy
A: beak, talons 3
a: no special abilities


You were on level 4 of the Dungeon.
You were hungry.

You visited 1 branch of the dungeon, and saw 4 of its levels.

You collected 160 gold pieces.


Innate Abilities, Weirdness & Mutations

You have a beak for a mouth.
You have claws for feet.


   Skills:
 - Level 2.0 Fighting
 + Level 5.7 Staves
 - Level 2.0 Throwing
 - Level 3.2 Dodging


You had 3 spell levels left.
You didn't know any spells.

Inventory:

Hand Weapons
 a - a +0 quarterstaff (weapon)
Missiles
 d - 3 throwing nets (quivered)
 A - 17 poisoned needles
Armour
 b - a +0 leather armour
 c - a +0 hat (worn)
 B - a +0 ring mail (worn)
Jewellery
 i - a ring of wizardry (left hand)
Scrolls
 h - a scroll of remove curse {unknown}
 k - a scroll of random uselessness {unknown}
 l - a scroll of enchant armour {unknown}
 m - a scroll of identify {unknown}
 o - a scroll of amnesia {unknown}
 w - a scroll of fog {unknown}
 y - a scroll of magic mapping {unknown}
Potions
 e - 3 potions of heal wounds
 g - a potion of haste {unknown}
 j - a potion of lignification {unknown}
 n - a potion of degeneration {unknown}
 p - a potion of flight {unknown}
 r - a potion of mutation {unknown}
 u - a potion of might {unknown}
 v - a potion of cancellation {unknown}
 z - a potion of agility {unknown}
Comestibles
 f - 4 bread rations
 q - a beef jerky
 s - a royal jelly
 t - a meat ration
 x - 2 chunks of flesh

Dungeon Overview and Level Annotations

Branches:
Dungeon (4/15)
 Temple: D:4-7

Altars:

Annotations:
D:3 Sigmund


Message History

You hit the worker ant. You claw the worker ant.
You kill the worker ant!
The ogre hits you with a giant spiked club!
Ouch! That really hurt!
You are too injured to fight recklessly!
You are too injured to fight recklessly!
You are too injured to fight recklessly!
You are too injured to fight recklessly!
You are too injured to fight recklessly!
You are too injured to fight recklessly!
You are too injured to fight recklessly!
You are too injured to fight recklessly!
You are too injured to fight recklessly!
You are too injured to fight recklessly!
You are too injured to fight recklessly!
You are too injured to fight recklessly!
You are too injured to fight recklessly!
You are too injured to fight recklessly!
You are too injured to fight recklessly!
You are too injured to fight recklessly!
You are too injured to fight recklessly!
You are too injured to fight recklessly!
You are too injured to fight recklessly!
You are too injured to fight recklessly!
You are too injured to fight recklessly!
You sock the ogre! Your kick misses the ogre.
The ogre is moderately wounded.
You hit the ogre. You claw the ogre.
The ogre is heavily wounded.
The ogre barely misses you.
You hit the ogre. You claw the ogre. You peck the ogre.
The ogre is severely wounded.
The ogre hits you with a giant spiked club!!
Ouch! That really hurt!
You die...

## .. #. . #.
?..###.
.......######
.......O@...#
......#####.#
..... #####.#
.... +.....#
... #####.#
.. #.# . #.#
.#####.###
..........#


You could see an ogre.

Action                   |  1- 3 |  4- 6 || total
-------------------------+-------+-------++-------
Melee: Quarterstaff      |    85 |    25 ||   110
  Use: Potion            |     1 |       ||     1
 Stab: Sleeping          |     2 |       ||     2
  Eat: Chunk             |     2 |     2 ||     4

Notes
Turn   | Place    | Note
--------------------------------------------------------------
     0 | D:1      | Duffy the Tengu Gladiator began the quest for the Orb.
     0 | D:1      | Reached XP level 1. HP: 12/12 MP: 2/2
   346 | D:1      | Reached XP level 2. HP: 15/17 MP: 3/3
   432 | D:1      | Reached skill level 4 in Staves
  1256 | D:2      | Reached XP level 3. HP: 21/21 MP: 4/4
  1627 | D:2      | Reached skill level 5 in Staves
  1951 | D:3      | Reached XP level 4. HP: 13/26 MP: 5/5
  2236 | D:3      | Noticed Sigmund
  2359 | D:4      | Noticed an ogre
  2369 | D:4      | Mangled by an ogre

Vault maps used:
D:1:      zelgadis_glass_arrival_small, minmay_misc_feat_cross
D:2:      first_bread
D:3:      minmay_tree_intersection, uniq_sigmund, uniq_grinder
D:4:      nicolae_overflow_hidden_temple, kennysheep_mini, uniq_blork_the_orc

Vanquished Creatures
  A worker ant
  2 adders
  An ooze
  A dart slug
  A giant gecko
  An orc
  2 giant cockroaches
  6 goblins
  5 hobgoblins
  5 kobolds
  2 quokkas
  5 bats
  3 giant newts
  3 rats
38 creatures vanquished.
